 Dungeon Crawl Stone Soup version 0.20.1-1-g8b1a95d (webtiles) character file.

27 Mojopoop the Magician (level 3, -10/24 HPs)
             Began as a Human Wanderer on Dec 2, 2017.
             Mangled by a kobold
             ... wielding a +2 dagger of electrocution
              (17 damage)
             ... on level 1 of the Dungeon.
             The game lasted 00:05:51 (1000 turns).

Mojopoop the Magician (Human Wanderer)              Turns: 1000, Time: 00:05:52

Health: -10/24     AC: 10    Str: 10    XL:     3   Next: 25%
Magic:  9/9        EV:  1    Int: 14    God:
Gold:   0          SH:  0    Dex: 13    Spells: 10/12 levels left

rFire    . . .     SeeInvis .   h - +0 mace
rCold    . . .     Gourm    .   (no shield)
rNeg     . . .     Faith    .   j - +0 plate armour
rPois    .         Spirit   .   (no helmet)
rElec    .         Reflect  .   (no cloak)
rCorr    .         Harm     .   (no gloves)
MR       .....                  (no boots)
Stlth    ..........             (no amulet)
Regen    0.1/turn               (no ring)
MPRegen  0.2/turn               (no ring)

@: no status effects
A: no striking features
a: no special abilities


You were on level 1 of the Dungeon.
You were not hungry.

You visited 1 branch of the dungeon, and saw 1 of its levels.

Inventory:

Hand Weapons
 b - a +2 blowgun
 h - a +0 mace (weapon)
Missiles
 a - 3 curare-tipped needles
 g - 84 stones (quivered)
Armour
 j - a +0 plate armour (worn)
Books
 c - the Papyrus of the Oath

   Spells                             Type                      Level
   a - Corona                         Hexes                        1
   b - Spectral Weapon                Hexes/Charms                 3
 d - the Compendium of the Snowflakes

   Spells                             Type                      Level
   a - Freeze                         Ice                          1
   b - Ozocubu's Armour               Charms/Ice                   3
Comestibles
 f - a bread ration


   Skills:
 + Level 0.2 Fighting
 * Level 1.1 Maces & Flails
 - Level 1.1 Throwing
 + Level 0.4 Armour
 - Level 5.3 Spellcasting
 - Level 3.1 Ice Magic
   Level 1.0 Evocations


You had 10 spell levels left.
You knew the following spells:

 Your Spells              Type           Power        Failure   Level  Hunger
a - Corona                Hex            #......      100%        1    None
b - Freeze                Ice            ##..         100%        1    None


Dungeon Overview and Level Annotations

Branches:
Dungeon (1/15)

Altars:


Message History

The bat hits you but does no damage. The bat hits you but does no damage.
The bat hits you but does no damage. x2
You hit the bat but do no damage. The bat barely misses you.
The bat hits you but does no damage. The kobold hits you but does no damage.
You are electrocuted!
The kobold hits you with a dagger of electrocution.
You closely miss the bat. The bat hits you but does no damage.
The kobold hits you but does no damage.
You closely miss the bat. The bat hits you but does no damage.
The kobold hits you with a dagger of electrocution.
The bat hits you but does no damage.
You barely miss the bat. The bat hits you but does no damage. x2
The kobold hits you but does no damage. x2
You miss the bat. The bat hits you.
* * * LOW HITPOINT WARNING * * *
The bat hits you but does no damage. The kobold hits you but does no damage.
You are electrocuted!
Ouch! That really hurt!
You die...

......#### #........#
+#####...### #..#####.##
≈§≈≈#####..## #....†....# ...≈≈§#
###.###..#####..# ......#
##.##.........######### '######
#.##..#####..........# '8####
######.#.................#
.....###..≈##.#..#####..........#
......##..§§#.#b@K..............#
......'#..§≈#.#.#...............#
<.....8'...§+.#.#...............+
......##...≈#.#.#...............#
......##..≈≈#.#.#...............#
.....###..≈##.#.#######..........
8#8### #####[##. #########.#
'###### #.##. ......# ##.#


You could see a bat and a kobold.

Vanquished Creatures
  A dart slug (D:1)
  A bat (D:1)
  4 hobgoblins (D:1)
  5 kobolds (D:1)
  A frilled lizard (D:1)
  7 goblins (D:1)
  3 rats (D:1)
22 creatures vanquished.

Notes
Turn   | Place    | Note
-------+----------+-------------------------------------------
     0 | D:1      | Mojopoop the Human Wanderer began the quest for the Orb.
     0 | D:1      | Mojopoop set off with: 4 curare-tipped needles, a +2 blowgun, the Papyrus of the Oath, the Compendium of the Snowflakes, a +0 robe, a bread ration
     0 | D:1      | Reached XP level 1. HP: 13/13 MP: 6/6
     2 | D:1      | Learned a level 1 spell: Corona
     4 | D:1      | Learned a level 1 spell: Freeze
   333 | D:1      | Reached XP level 2. HP: 19/19 MP: 8/8
   718 | D:1      | Reached XP level 3. HP: 10/24 MP: 9/9
   922 | D:1      | Reached skill level 1 in Maces & Flails
  1000 | D:1      | Mangled by a kobold

Skill      XL: |  1  2  3 |
---------------+----------+-----
Maces & Flails | 1 |  1.1
Fighting       | |  0.2
Throwing       | |  1.1
Armour         | |  0.4
Spellcasting   | |  5.3
Ice Magic      | |  3.1
Evocations     | |  1.0

Action                   || total
-------------------------++-------
Melee: Mace              ||    94
       Blowgun           ||     1
 Fire: Blowgun           ||     6
 Cast: Corona            ||     2
       Freeze            ||     1
  Use: Potion            ||     1
       Scroll            ||     1
Armor: Ring mail         ||    19
       Robe              ||     1
       Plate armour      ||   101
Dodge: Dodged            ||    26
